 Dungeon Crawl Stone Soup version 0.30-a0-1016-gfb0d676c02 (webtiles) character file.

Game seed: 2447891109596323370

77 jasper the Conjurer (level 4, -1/24 HPs)
             Began as a Deep Elf Conjurer on Apr 6, 2023.
             Killed by nerve-wracking pain
             ... invoked by an orc priest
              (13 damage)
             ... on level 3 of the Dungeon.
             The game lasted 00:02:35 (1828 turns).

jasper the Conjurer (Deep Elf Conjurer)             Turns: 1828, Time: 00:02:35

Health: -1/24      AC:  3    Str:  4    XL:     4   Next: 14%
Magic:  7/12       EV: 12    Int: 25    God:
Gold:   83         SH:  0    Dex: 13    Spells: 3/12 levels left

rFire   . . .      SeeInvis .    (no weapon)
rCold   . . .      Faith    .    (no shield)
rNeg    . . .      Spirit   .    a - +0 robe
rPois   .          Reflect  .    (no helmet)
rElec   .          Rampage  .    (no cloak)
rCorr   .                        g - +0 pair of gloves
Will    .....                    (no boots)
Stlth   ++                       k - amulet of magic regeneration
HPRegen 0.24/turn                (no ring)
MPRegen 0.53/turn                (no ring)

@: no status effects
A: no striking features
a: no special abilities


You were on level 3 of the Dungeon.
You visited 1 branch of the dungeon, and saw 3 of its levels.

You collected 83 gold pieces.

Inventory:

Hand Weapons
 e - a +2 dagger of distortion
Armour
 a - a +0 robe (worn)
 g - a +0 pair of gloves (worn)
 l - an orb of wrath
Jewellery
 k - an amulet of magic regeneration (around neck)
Scrolls
 f - 2 scrolls of identify {unknown}
 o - a scroll of poison {unknown}
Potions
 b - a potion of magic
 c - a potion of attraction {unknown}
 d - 2 potions of mutation {unknown}
 h - a potion of curing {unknown}
 i - a potion of might {unknown}
 j - 2 potions of degeneration {unknown}
 m - a potion of ambrosia {unknown}
 n - a potion of brilliance {unknown}
 p - a potion of haste {unknown}


   Skills:
 - Level 2.4 Dodging
 - Level 2.4 Stealth
 + Level 4.7 Spellcasting
 + Level 5.4 Conjurations


You had 3 spell levels left.
You knew the following spells:

 Your Spells              Type           Power      Damage    Failure   Level
a - Magic Dart            Conj           100%       1d8       1%          1
b - Searing Ray           Conj           66%        2d6       1%          2
c - Sublimation of Blood  Necr           5%         N/A       13%         2
d - Fulminant Prism       Conj/Hex       9%         3d7       28%         4

Your spell library contained the following spells:

 Spells                   Type           Power      Damage    Failure   Level
 Beastly Appendage        Tmut           10%        N/A       9%          1
 Dazzling Flash           Conj/Hex       38%        N/A       9%          3
 Wereblood                Tmut           5%         N/A       13%         2
 Spider Form              Tmut/Pois      5%         N/A       26%         3
 Volatile Blastmotes      Fire/Tloc      10%        2d10      26%         3
 Iskenderun's Mystic Bla  Conj/Tloc      19%        2d6       28%         4


Dungeon Overview and Level Annotations

Branches:
Dungeon (3/15)

Altars:


Message History

The searing ray hits the orc!
You kill the orc!
The searing ray hits the orc!
You kill the orc!
The searing ray hits the orc priest but does no damage.
The orc priest calls upon Beogh to heal the orc.
The orc's wounds heal themselves!
The searing ray misses the orc.
The searing ray hits the orc priest.
The orc priest is moderately wounded.
The orc hits you but does no damage.
You now have 9/12 mp.
The searing ray hits the orc.
The orc is moderately wounded.
The searing ray hits the orc priest!
The orc priest is almost dead.
You finish channelling your searing ray.
The orc priest mumbles some strange prayers to Beogh against you.
Beogh smites you!
Ouch! That really hurt!
The orc barely misses you.
You take 13 damage, and have 11/24 hp.
MASSIVE DAMAGE!!
Casting: Searing Ray (safe; 1% risk of failure)
Confirm with . or Enter, or press ? or * to list all spells.
Aiming: Searing Ray (safe; 1% risk of failure)
Press: ? - help, Shift-Dir - straight line, f - orc
Aim: an orc, wielding a +0 dagger and wearing a +0 leather armour (moderately wounded, 81% to hit)
The searing ray hits the orc.
The orc is severely wounded.
The searing ray misses the orc priest. (Press . to maintain the ray.)
The orc closely misses you.
You now have 7/12 mp.
The searing ray hits the orc!
You kill the orc!
The searing ray hits the orc priest.
The orc priest is almost dead.
The orc priest invokes the aid of Beogh against you.
Pain shoots through your body!
Ouch! That really hurt!
You die...

#... + +# #...#.##.#
#...+ :..## #...#
......# #...# #o....## #
#...# #)# ...# .#
#...###@###..## .#
#...'............# #.
#...###.###..##..# #.
##....#.......[..#
.###.###.##.#####...####
............# #..<#....#
...........###.#.#....#
###............#.#....##
#.......######.#..#..###


You could see an orc priest.

Vanquished Creatures
  2 adders (D:2)
  A worm (D:2)
  A dart slug (D:1)
  4 orcs (D:3)
  3 endoplasms
  5 giant cockroaches
  7 goblins
  2 hobgoblins (D:2)
  6 kobolds
  2 quokkas
  6 ball pythons
  3 bats
  A frilled lizard (D:1)
  9 rats
52 creatures vanquished.

Notes
Turn   | Place    | Note
-------+----------+-------------------------------------------
     0 | D:1      | jasper the Deep Elf Conjurer began the quest for the Orb.
     0 | D:1      | Reached XP level 1. HP: 10/10 MP: 6/6
   188 | D:1      | Reached XP level 2. HP: 15/15 MP: 3/8
   410 | D:1      | Got Baecs's Vellum of Distance and Left-Handed Liturgies
   422 | D:1      | Learned a level 2 spell: Searing Ray
  1060 | D:2      | Reached skill level 5 in Conjurations
  1060 | D:2      | Reached XP level 3. HP: 19/19 MP: 3/10
  1077 | D:2      | Learned a level 2 spell: Sublimation of Blood
  1507 | D:2      | Reached XP level 4. HP: 24/24 MP: 8/12
  1514 | D:2      | Learned a level 4 spell: Fulminant Prism
  1828 | D:3      | Killed from afar by an orc priest

Illustrated notes

Levels and vault maps discovered:
D:1:      spicycebolla_arrival_clurvy, layout_basic
D:2:      layout_basic, kennysheep_generic_room_2
D:3:      layout_basic, minmay_misc_feat_roman, kennysheep_another_room

Skill      XL: |  1  2 |
---------------+-------+-----
Spellcasting   | 4 |  4.7
Conjurations   | 5 |  5.4
Dodging        | |  2.4
Stealth        | |  2.4

Action                     |  1- 3 |  4- 6 || total
---------------------------+-------+-------++-------
   Cast: Magic Dart        |    66 |     7 ||    73
         Searing Ray       |     4 |     2 ||     6
    Use: Scroll            |     3 |       ||     3
 Armour: Robe              |     2 |     1 ||     3
  Dodge: Dodged            |     6 |     3 ||     9

Table legend: (Time is in decaauts)
 A = Elapsed time spent in this place.
 B = Non-inter-level travel time spent in this place.
 C = Inter-level travel time spent in this place.
 D = Time resting spent in this place.
 E = Time spent auto-exploring this place.
 F = Levels seen in this place.
 G = Mean time per level.
                   A        B        C        D        E       F      G
               +--------+--------+--------+--------+--------+-----+--------+
         Total |   1828 |   1679 |    149 |     22 |   1429 |   3 |  609.3 |
       Dungeon |   1828 |   1679 |    149 |     22 |   1429 |   3 |  609.3 |
               +--------+--------+--------+--------+--------+-----+--------+

Top non-repeatable levels by time:
     D:1: 1129 daAuts
     D:2: 588 daAuts
     D:3: 110 daAuts
